Map: Sludge City

Players

oOo

  • Race: Terran Terran
  • League: Diamond
  • Spawn Location: 5:00

Arkasia

  • Race: Terran Terran
  • League: Diamond
  • Spawn Location: 5:00

Tenonee - Winner!

  • Race: Zerg Zerg
  • Spawn Location: 9:00

Gnomelad - Winner!

  • Race: Zerg Zerg
  • League: Master
  • Spawn Location: 11:00

VOD

Have the link to the VOD?

Description

Time

  • Played on: July 18, 2016, 11:36 a.m.
  • Length: 12:30
Show
View Real Time Build Order
Export as new Build Order

oOo Terran 

Build Orders: MMM Bio 

Get SALT Encoding   

  12  0:01  SCV  
  13  0:13  SCV  
  14  0:18  Supply Depot  
  14  0:25  SCV  
  15  0:37  Refinery  
  15  0:39  SCV  
  16  0:47  Barracks  
  16  0:51  SCV  
  17  1:03  SCV  
  18  1:08  Barracks  
  18  1:15  SCV  
  19  1:26  Barracks  
  19  1:28  SCV  
  20  1:37  Reaper  
  21  1:40  SCV  
  21  1:44  Refinery  
  22  1:52  SCV  
  23  2:04  Supply Depot  
  23  2:08  Orbital Command  
  23  2:25  Reaper x3  
  23  2:29  Supply Depot  
  26  2:57  Reaper x3  
  29  3:03  Command Center  
  29  3:29  Reaper x3  
  31  3:47  SCV  
  32  3:52  Barracks  
  32  3:53  Supply Depot  
  32  4:02  Reaper x3  
  31  4:34  Reaper  
  31  4:36  Orbital Command  
  31  4:37  Barracks Reactor  
  31  5:06  Orbital Command  
  24  5:08  Barracks Reactor  
  24  5:09  Barracks Tech Lab  
  24  5:10  Barracks Reactor  
  24  5:16  Marine x2  
  24  5:18  Factory  
  24  5:21  Supply Depot  
  26  5:23  Engineering Bay  
  26  5:29  Stimpack  
  26  5:34  Bunker, Marine x2, SCV x2  
  26  5:35  Marine  
  31  5:46  SCV  
  31  5:47  Marine  
  31  5:48  Marine  
  34  5:52  Marine x3  
  34  5:54  SCV  
  37  5:58  SCV  
  37  6:00  Supply Depot  
  38  6:07  SCV  
  38  6:08  Bunker  
  38  6:10  Marine x7, SCV  
  47  6:19  SCV  
  47  6:21  Factory Reactor  
  47  6:22  SCV  
  47  6:23  Starport, Terran Infantry Weapons Level 1  
  49  6:27  Marine  
  49  6:28  Missile Turret, Marine x2  
  49  6:30  Marine x3  
  49  6:31  SCV  
  56  6:34  SCV  
  56  6:36  Marine  
  58  6:43  SCV  
  58  6:45  Marine  
  58  6:46  Marine x2  
  60  6:48  Marine x2  
  60  6:53  SCV  
  47  6:55  Marine x2, SCV  
  47  7:01  Starport Reactor  
  50  7:03  Marine  
  50  7:04  Marine x2  
  50  7:05  SCV  
  50  7:07  SCV  
  55  7:09  Missile Turret  
  55  7:13  Marine  
  55  7:14  Marine x2  
  58  7:17  SCV  
  58  7:19  SCV  
  60  7:23  Widow Mine x2  
  60  7:29  SCV  
  65  7:31  Marine  
  65  7:32  Missile Turret, Marine x3  
  65  7:35  Supply Depot  
  65  7:36  Combat Shields  
  69  7:42  Medivac  
  69  7:43  Medivac  
  73  7:48  Marine  
  73  7:49  Marine  
  75  7:54  Widow Mine  
  75  7:56  Widow Mine, Marine  
  75  7:57  Marine x3  
  83  7:59  Supply Depot  
  83  8:14  Marine  
  83  8:15  Marine x2  
  83  8:18  Marine  
  86  8:21  Marine x3  
  86  8:23  Medivac x2  
  93  8:32  Marine  
  94  8:41  Supply Depot  
  94  8:44  Supply Depot  
  94  8:48  Supply Depot  
  94  8:49  Marine  
  94  8:50  Marine x3  
  94  8:53  Medivac x2  
  82  9:04  Supply Depot  
  82  9:07  Supply Depot  
  82  9:13  Terran Infantry Armor Level 1, Marine x7  
  89  9:29  Widow Mine x2  
  89  9:31  Marine x5  
  95  9:51  Missile Turret  
  95  9:56  Marine x2  
  95  9:57  Marine  
  98  10:06  Marine x3  
  101  10:07  Marine  
  101  10:11  Missile Turret  
  102  10:14  Marine  
  102  10:18  Marine  
  102  10:19  Marine  
  105  10:23  Medivac x2, Marine  
  105  10:24  Marine x2  
  105  10:25  Marine  
  113  10:29  Missile Turret  
  113  10:32  Marine  
  114  10:36  Marine  
  114  10:37  Marine  
  114  10:41  Marine  
  114  10:42  Marine x2  
  108  10:43  Marine  
  109  10:50  Marine  
  109  10:54  Marine x2  
  112  10:59  Marine x3  
  112  11:01  Marine  
  115  11:05  Command Center  
  115  11:07  Marine  
  116  11:12  Marine x2  
  116  11:15  Armory  
  116  11:17  Marine x2  
  120  11:19  Marauder  
  120  11:21  Supply Depot  
  84  11:41  Marauder  
Show
View Real Time Build Order
Export as new Build Order

Arkasia Terran 

Build Orders: Reaper Expand, MMM Bio 

Get SALT Encoding   

  12  0:00  SCV  
  13  0:13  SCV  
  14  0:25  Supply Depot, SCV  
  15  0:30  Refinery  
  15  0:47  SCV  
  15  0:48  Barracks  
  16  1:01  SCV  
  17  1:13  SCV  
  18  1:35  Orbital Command  
  18  1:36  Reaper  
  19  1:46  Command Center  
  19  1:56  Factory  
  19  2:01  SCV  
  20  2:08  Barracks Reactor  
  20  2:14  SCV  
  21  2:16  Supply Depot  
  21  2:19  Refinery  
  21  2:26  SCV  
  22  2:38  SCV  
  23  2:50  SCV  
  24  2:58  Starport  
  24  2:59  Supply Depot  
  24  3:02  SCV  
  24  3:03  Barracks Tech Lab, Orbital Command  
  25  3:09  Hellion  
  25  3:11  Hellion  
  29  3:34  Hellion x2  
  32  3:36  Stimpack  
  32  3:40  SCV  
  32  3:41  SCV  
  34  3:53  SCV  
  35  4:02  Barracks, Medivac  
  35  4:03  Widow Mine, Barracks  
  35  4:05  SCV  
  35  4:06  SCV  
  41  4:10  Engineering Bay  
  41  4:14  Supply Depot  
  41  4:18  SCV x2  
  43  4:30  SCV  
  38  4:45  Widow Mine  
  38  4:48  Marauder  
  38  4:50  Barracks Reactor x2  
  40  4:52  Command Center  
  40  4:54  Barracks  
  40  4:59  SCV x2  
  42  5:00  Supply Depot  
  42  5:02  Refinery  
  42  5:04  Starport Reactor  
  42  5:10  Marauder  
  42  5:11  SCV  
  42  5:12  SCV  
  46  5:16  Widow Mine x2  
  46  5:21  Terran Infantry Weapons Level 1  
  50  5:24  Supply Depot, SCV  
  50  5:27  SCV  
  52  5:28  Refinery  
  52  5:32  Marauder  
  52  5:34  Marine x4  
  58  5:36  SCV  
  58  5:39  SCV  
  60  5:44  Combat Shields  
  60  5:45  Barracks Reactor  
  60  5:50  Medivac  
  60  5:52  SCV x2  
  60  5:56  Marine  
  60  5:57  Marine x4  
  65  6:00  Supply Depot  
  69  6:04  SCV  
  69  6:07  Supply Depot  
  69  6:09  Missile Turret  
  70  6:14  Medivac  
  70  6:15  Marine x5  
  77  6:22  Planetary Fortress  
  77  6:31  Medivac  
  79  6:33  Marine x2, SCV x2  
  79  6:34  Marauder  
  84  6:44  Medivac  
  76  6:52  Marine  
  76  6:53  Marine x4  
  81  6:55  Marauder  
  81  6:56  Marine  
  84  7:05  SCV x3  
  87  7:10  Widow Mine x2, Marine x3  
  87  7:11  Marine x2  
  87  7:14  Marine  
  87  7:15  Terran Infantry Armor Level 1, Barracks  
  97  7:16  Marauder  
  97  7:17  SCV  
  100  7:34  SCV  
  100  7:36  Marine x6  
  107  7:38  Marauder  
  107  7:43  Engineering Bay, Armory  
  109  7:58  Supply Depot  
  109  7:59  Refinery x2  
  109  8:00  Supply Depot, Marine  
  109  8:01  SCV  
  109  8:02  Marine x2  
  109  8:07  Marine, SCV x2  
  109  8:19  Marine x3, SCV  
  115  8:20  Barracks Tech Lab, Marine x2, Marauder  
  115  8:22  Barracks, SCV x2  
  115  8:24  Supply Depot  
  115  8:25  Marine  
  115  8:41  Marauder  
  115  8:42  Marine x2  
  115  8:43  Marine x2  
  115  8:44  Terran Infantry Weapons Level 2, Marauder  
  115  8:47  Supply Depot  
  121  8:57  Widow Mine x2  
  121  8:58  SCV x2  
  126  9:02  Marauder  
  126  9:05  Marauder  
  125  9:24  Marauder  
  126  9:25  Widow Mine  
  126  9:26  Widow Mine, Marine x4  
  126  9:27  Marine x2, Marauder  
  126  9:30  Missile Turret  
  132  9:35  Missile Turret, SCV x2  
  134  9:39  Barracks Reactor  
  134  9:43  Missile Turret  
  134  9:44  Marine x6  
  140  9:56  Terran Infantry Armor Level 2  
  140  9:58  Marauder x2  
  144  10:02  Marine x5  
  149  10:24  Command Center  
  149  10:30  Marine x3  
  149  10:32  Marauder  
  136  10:48  Marine x3  
  136  10:49  Marine x2  
  139  10:50  Marine x3  
  139  10:51  Marauder  
  139  10:53  Marauder  
  148  10:57  Factory  
  148  11:08  Command Center  
  148  11:15  Marine  
  149  11:27  Marine  
  149  11:28  Marine x5  
  149  11:29  Marine  
  149  11:31  Marauder x2  
  149  11:32  Marine  
  130  11:45  Marine  
  130  11:46  Marine  
  130  11:47  Marine x5  
  130  11:50  Marine  
  130  11:53  Marauder x2  
  129  12:03  Marine  
  129  12:04  Marine  
Show
View Real Time Build Order
Export as new Build Order

Tenonee Zerg - Winner!

Build Orders: Hatch First 

Get SALT Encoding   

  12  0:01  Drone  
  13  0:13  Drone  
  14  0:36  Hatchery  
  14  0:40  Drone  
  14  0:42  Extractor  
  13  1:00  Spawning Pool  
  12  1:06  Overlord  
  12  1:20  Drone x2  
  14  1:32  Drone x2  
  16  1:50  Metabolic Boost  
  16  2:02  Queen  
  16  2:07  Queen  
  20  2:12  Drone  
  21  2:25  Drone x4  
  21  2:26  Drone  
  26  2:31  Overlord  
  27  2:37  Zergling x4  
  27  2:59  Queen x2  
  31  3:13  Drone x4  
  31  3:14  Drone  
  31  3:18  Overlord  
  35  3:25  Overlord  
  34  3:34  Zergling x2  
  34  3:36  Zergling x10  
  40  3:57  Drone x2  
  40  3:58  Drone x2  
  40  4:01  Hatchery  
  41  4:21  Zergling x2  
  41  4:22  Zergling x10  
  47  4:27  Roach Warren  
  45  4:35  Lair  
  45  4:36  Zergling x2  
  45  4:37  Zergling x10  
  48  4:52  Extractor  
  40  5:08  Drone  
  40  5:09  Drone x7  
  40  5:12  Extractor x2  
  46  5:25  Drone x2  
  46  5:26  Drone x2  
  46  5:27  Drone  
  51  5:45  Drone x4  
  51  5:46  Drone x2  
  57  5:50  Drone  
  57  5:52  Extractor, Overlord x3  
  57  5:54  Extractor, Glial Reconstitution  
  56  5:59  Evolution Chamber  
  56  6:00  Evolution Chamber  
  56  6:01  Overlord  
  56  6:02  Overlord x2  
  52  6:21  Drone x3  
  52  6:24  Drone x3  
  52  6:25  Drone x3  
  61  6:26  Drone x2  
  61  6:27  Drone x2  
  61  6:30  Overlord  
  65  6:33  Zerg Ground Armor Level 1, Zerg Missile Weapons Level 1  
  65  6:40  Drone x2, Spire  
  65  6:41  Drone  
  67  7:00  Roach  
  67  7:01  Roach x9  
  87  7:19  Spore Crawler  
  87  7:20  Spore Crawler  
  87  7:21  Roach x8  
  87  7:22  Roach x4  
  109  7:23  Spore Crawler  
  109  7:27  Roach  
  109  7:32  Overlord x2  
  108  7:47  Roach x2  
  112  7:54  Zerg Flyer Weapons Level 1  
  112  7:57  Extractor  
  111  7:59  Extractor  
  111  8:03  Hatchery  
  99  8:14  Overseer x2  
  99  8:25  Mutalisk  
  99  8:26  Mutalisk x11  
  119  8:39  Overlord x3  
  119  8:53  Pneumatized Carapace  
  115  9:07  Hatchery  
  98  9:24  Mutalisk  
  98  9:25  Mutalisk x6  
  98  9:26  Mutalisk  
  98  9:30  Extractor  
  109  9:31  Extractor  
  104  9:41  Hatchery, Roach x4  
  104  9:42  Roach x6  
  104  9:43  Roach x3  
  129  10:01  Drone x4  
  125  10:08  Roach x5  
  125  10:11  Ravager  
  125  10:12  Ravager x4  
  127  10:45  Roach x10  
  127  10:46  Roach x2  
  151  10:54  Drone  
  151  10:55  Drone  
  155  10:57  Drone  
  155  10:58  Drone  
  155  11:00  Overlord  
  121  11:42  Mutalisk x11  
  138  11:55  Hatchery  
  137  12:12  Infestation Pit  
Show
View Real Time Build Order
Export as new Build Order

Gnomelad Zerg - Winner!

Build Orders: Hatch First 

Get SALT Encoding   

  12  0:01  Drone  
  13  0:13  Overlord  
  13  0:18  Drone  
  14  0:25  Extractor, Drone  
  15  0:34  Drone  
  16  0:53  Drone  
  16  0:56  Hatchery  
  16  1:08  Spawning Pool  
  15  1:17  Extractor, Drone x2  
  16  1:20  Drone  
  17  1:41  Drone x2  
  19  1:51  Overlord  
  19  1:55  Queen  
  21  2:02  Drone  
  22  2:08  Queen  
  24  2:16  Metabolic Boost  
  24  2:19  Drone  
  24  2:20  Drone  
  24  2:22  Drone  
  27  2:40  Zergling x2  
  27  2:41  Zergling x6  
  30  2:57  Zergling x6  
  33  3:03  Drone  
  33  3:04  Drone x2  
  36  3:05  Lair  
  36  3:06  Overlord  
  36  3:13  Extractor  
  36  3:16  Baneling Nest  
  31  3:37  Zergling x8  
  34  3:46  Zergling x12  
  34  3:47  Zergling x2  
  41  3:58  Drone x2  
  38  4:30  Zergling x2  
  34  4:31  Zergling x18  
  40  4:46  Drone x2  
  42  5:07  Drone x2  
  42  5:11  Overlord x3  
  42  5:13  Centrifical Hooks  
  44  5:16  Pneumatized Carapace  
  44  5:22  Baneling x5  
  44  5:23  Baneling x3, Overlord  
  44  5:24  Overlord  
  44  5:29  Drone x2  
  44  5:30  Drone x2, Hatchery  
  47  5:50  Zergling x6  
  47  5:51  Zergling x2  
  50  5:57  Zergling x4  
  50  5:58  Zergling x8  
  50  6:01  Drone  
  50  6:03  Extractor  
  56  6:05  Extractor  
  56  6:09  Zergling x2  
  56  6:18  Drone  
  57  6:19  Evolution Chamber  
  57  6:20  Evolution Chamber  
  57  6:23  Drone x2  
  57  6:24  Drone x3  
  60  6:26  Baneling  
  60  6:27  Baneling x7  
  60  6:28  Baneling  
  60  6:31  Zergling x4  
  60  6:32  Zergling x2  
  63  6:33  Overlord  
  43  6:54  Zergling x12  
  43  6:55  Zergling x4  
  43  6:56  Zergling x2  
  43  6:58  Zerg Melee Weapons Level 1  
  43  7:01  Queen  
  51  7:02  Drone x4  
  57  7:12  Drone x3  
  57  7:15  Spire  
  59  7:19  Infestation Pit  
  59  7:20  Drone x2  
  60  7:23  Drone  
  60  7:25  Drone  
  60  7:27  Baneling x2  
  60  7:28  Baneling  
  62  7:30  Baneling x2  
  62  7:31  Baneling  
  62  7:33  Baneling x2  
  62  7:34  Baneling  
  62  7:35  Baneling  
  62  7:36  Baneling  
  62  7:38  Drone  
  62  7:41  Drone  
  64  7:51  Queen  
  60  8:16  Zergling x14  
  60  8:17  Zergling x22  
  72  8:44  Extractor  
  72  8:45  Extractor  
  70  8:58  Pathogen Glands  
  70  9:00  Hive  
  70  9:03  Drone x4  
  70  9:04  Drone x2  
  76  9:12  Zerg Melee Weapons Level 2  
  76  9:13  Hatchery  
  75  9:18  Evolution Chamber  
  65  9:41  Overseer  
  65  9:47  Infestor x8  
  65  9:49  Zergling x2  
  65  9:50  Zergling x18  
  91  9:53  Extractor  
  91  9:58  Extractor  
  89  10:10  Baneling x6  
  86  10:14  Zergling x4  
  86  10:15  Zergling x14  
  88  10:32  Zergling x2  
  88  10:33  Zergling x14  
  92  10:45  Baneling  
  92  10:46  Baneling x19  
  92  10:47  Zergling x2  
  92  10:48  Zergling x10  
  92  10:49  Queen  
  100  10:51  Drone  
  100  10:54  Queen  
  103  11:08  Greater Spire  
  103  11:09  Drone  
  103  11:10  Overlord x2  
  103  11:11  Overlord x2  
  91  11:39  Zergling x2  
  85  11:40  Zergling x32  
  100  11:51  Corruptor  
  100  11:52  Corruptor x4  
Tags
 
Add a new tag
Caveats
  • Supply blocks, unpowered buildings, or Contaminate may cause inaccurate times.
  • Supply counts are checked every 10 seconds.